 Dungeon Crawl Stone Soup version 0.29.1-2-gbd0b4ee654 (webtiles) character file.

Game seed: 16317950804183560997

91 Lutefisk the Insei (level 4, -3/31 HPs)
             Began as an Octopode Transmuter on Oct 31, 2022.
             Slain by an orc wizard
             ... wielding a +0 dagger
              (4 damage)
             ... on level 2 of the Dungeon.
             The game lasted 00:05:58 (1169 turns).

Lutefisk the Insei (Octopode Transmuter)            Turns: 1169, Time: 00:05:59

Health: -3/31      AC:  1    Str:  9    XL:     4   Next: 59%
Magic:  7/7        EV: 17    Int: 15    God:
Gold:   113        SH:  0    Dex: 14    Spells: 1/7 levels left

rFire   . . .      SeeInvis .     - Unarmed
rCold   . . .      Faith    .   (no shield)
rNeg    . . .      Spirit   .   (helmet restricted)
rPois   .          Reflect  .   (no amulet)
rElec   .          Harm     .   c - +4 ring of evasion
rCorr   +          Rampage  .   g - ring of resist corrosion
Will    .....                   (no ring)
Stlth   ++........              (no ring)
HPRegen 0.10/turn               (no ring)
MPRegen 0.10/turn               (no ring)
                                (no ring)
                                (no ring)

@: confused
A: almost no armour, amphibious, 8 rings, camouflage 1, gelatinous body 1,
(nimble swimmer 1), tentacles
a: no special abilities


You were on level 2 of the Dungeon.
You visited 1 branch of the dungeon, and saw 3 of its levels.

You collected 113 gold pieces.

Inventory:

Missiles
 b - 8 poisoned darts (quivered)
Jewellery
 c - a +4 ring of evasion (left tentacle)
 g - a ring of resist corrosion (right tentacle)
Wands
 j - a wand of polymorph (9)
Scrolls
 d - a scroll of immolation {unknown}
 f - a scroll of vulnerability {unknown}
 i - a scroll of teleportation
 k - a scroll of torment {unknown}
 l - a scroll of magic mapping {unknown}
 n - a scroll of identify {unknown}
Potions
 a - a potion of lignification
 e - a potion of curing {unknown}
 h - a potion of brilliance {unknown}
 m - a potion of might {unknown}


   Skills:
 - Level 3.0 Fighting
 - Level 2.0 Dodging
 - Level 4.0 Unarmed Combat
 - Level 2.0 Spellcasting
 * Level 2.3 Transmutations
 * Level 0.6 Poison Magic


You had one spell level left.
You knew the following spells:

 Your Spells              Type           Power      Damage    Failure   Level
a - Beastly Appendage     Tmut           16%        N/A       9%          1
b - Wereblood             Tmut           8%         N/A       13%         2
c - Spider Form           Tmut/Pois      5%         N/A       36%         3

Your spell library contained the following spells:

 Spells                   Type           Power      Damage    Failure   Level
 Ice Form                 Ice/Tmut       5%         N/A       80%         4


Dungeon Overview and Level Annotations

Branches:
Dungeon (3/15)

Altars:


Innate Abilities, Weirdness & Mutations

You cannot wear most types of armour.
You are amphibious.
You can wear up to eight rings at the same time.
Your skin changes colour to match your surroundings (Stealth+).
Your rubbery body absorbs attacks. (AC +1, EV +1)
((You are camouflaged when in or above water. (Stealth+)))
You have tentacles for arms and can constrict up to eight enemies at once.


Message History

Found a human skeleton.
Found a faded altar of an unknown god.
A sourceless malevolence fills the Dungeon...
You fall into a shaft and drop 1 floor!
The shaft crumbles and collapses.
Found a stone staircase leading down.
Found a scroll labelled QUIXODWUIWU.
Found a helmet.
n - a scroll labelled QUIXODWUIWU
Found a stone staircase leading up.
There is a stone staircase leading up here.
You climb upwards.
There is a stone staircase leading down here.
An orc wizard and an orc come into view.
An orc wizard comes into view. It is wielding a +0 dagger.
The orc wizard shouts!
You hear a shout! x2
An orc priest and 3 orcs come into view.
The orc wizard shouts!
The orc wizard gestures wildly while chanting.
The orc wizard flickers and vanishes!
Deactivating autopickup; reactivate with Ctrl-A.
The orc shouts!
The orc priest shouts!
The orc wizard points at you and mumbles some strange words.
You are confused.
You're too confused to move!
The orc priest calls down the wrath of Beogh upon something.
Beogh smites you!
The orc wizard points at you and mumbles some strange words.
The magic dart hits you.
You bump into the stone wall.
The orc misses you.
The orc wizard casts a spell.
The orc wizard flickers and vanishes!
You're too confused to move!
The orc hits you with a +0 mace!
* * * LOW HITPOINT WARNING * * *
You closely miss something. Your squeeze misses something.
The orc closely misses you. The orc hits you with a +0 mace.
* * * LOW HITPOINT WARNING * * *
Something hits you.
You die...

#.#.#.##.............#
#..
#.#.#)##.............#
#..
#.#.#)##.............#
#..
#...#.##...#.#########
#.. #####)##...#.# ###
#..........#.########
#.......####.........
#.......####oo#######
#..)........@o.o.....
#.......###.#.o8...8.
#.......###..........
#.........##.........
##
#.........##.........
...
#######...###..8...8.
### ...# #........
...# .###### ...#


You could see an orc priest and 4 orcs.

Vanquished Creatures
  A jelly (D:2)
  Robin (D:2)
  2 adders
  A worm (D:2)
  A bat (D:2)
  2 endoplasms
  3 giant cockroaches (D:1)
  11 goblins (D:2)
  2 hobgoblins
  3 ball pythons (D:1)
  A frilled lizard (D:1)
  A kobold (D:2)
29 creatures vanquished.

Notes
Turn   | Place    | Note
-------+----------+-------------------------------------------
     0 | D:1      | Lutefisk the Octopode Transmuter began the quest for the
                  | Orb.
     0 | D:1      | Reached XP level 1. HP: 13/13 MP: 3/3
   322 | D:1      | Reached XP level 2. HP: 18/18 MP: 5/5
   396 | D:2      | Reached XP level 3. HP: 23/24 MP: 4/6
   453 | D:2      | Noticed Robin
   462 | D:2      | Killed Robin
   621 | D:2      | Reached skill level 4 in Unarmed Combat
   621 | D:2      | Reached XP level 4. HP: 18/31 MP: 7/7
   624 | D:2      | Learned a level 2 spell: Wereblood
   628 | D:2      | Learned a level 3 spell: Spider Form
   755 | D:3      | Noticed a bullfrog
  1106 | D:2      | Found a faded altar of an unknown god.
  1106 | D:2      | You fall into a shaft and drop 1 floor!
  1169 | D:2      | HP: 1/31 [orc/+0 mace (6)]
  1169 | D:2      | Slain by an orc wizard

Illustrated notes

Levels and vault maps discovered:
D:1:      wander_arrival_desolate, layout_basic, minmay_worlds_worst_comb
D:2:      cheibrodos_pilgrimage, layout_basic,
          shapermc_ecumenical_altar_pompeii, uniq_robin
D:3:      layout_basic, slow_altar_2

Skill      XL: |  1  2  3 |
---------------+----------+-----
Fighting       | 2 3 |  3.0
Unarmed Combat | 4 |  4.0
Dodging        | |  2.0
Spellcasting   | |  2.0
Transmutations | |  2.3
Poison Magic   | |  0.6

Action                   |  1- 3 |  4- 6 || total
-------------------------+-------+-------++-------
Melee: Unarmed           |    48 |     9 ||    57
       Tentacles         |    13 |     2 ||    15
       Constrict         |    13 |     1 ||    14
       Kick              |    12 |     2 ||    14
       Punch             |     1 |       ||     1
Throw: Dart              |     2 |       ||     2
 Cast: Beastly Appendage |     5 |     1 ||     6
  Use: Scroll            |       |     1 ||     1
 Stab: Sleeping          |     4 |     1 ||     5
Armor: Skin              |     2 |       ||     2
Dodge: Dodged            |    19 |    10 ||    29
